[Event "GambitGuide"]
[Site "Internet Chess Club"]
[Date "2014.10.31"]
[Round "1"]
[White "JSBach"]
[Black "KnightOfNee"]
[Result "0-1"]
[ICCResult "White checkmated"]
[WhiteElo "1701"]
[BlackElo "1505"]
[Opening "Vienna: `Frankenstein-Dracula' variation"]
[ECO "C27"]
[NIC "VG.02"]
[Time "09:48:00"]
[TimeControl "120+12"]

1. e4 e5 2. Nc3 Nf6 3. Bc4 Nxe4 4. Qh5 Nd6 5. Bb3 Nc6 6. Nb5 g6 7. Qf3 f5 8.
Qd5 Qe7 9. Nxc7+ Kd8 10. Nxa8 b6 11. d3 Bb7 12. Nxb6 axb6 13. Qf3 Na5 14.
Qg3 Bg7 15. Be3 Nxb3 16. Bxb6+ Ke8 17. axb3 Kf7 18. Ra7 Rc8 19. c3 Bc6 20.
Bc5 Qe6 21. Bxd6 Qxd6 22. Qh3 Qd5 23. b4 Qxg2 24. Qxg2 Bxg2 25. Rxd7+ Kf6
26. f4 exf4 27. Ne2 Bxh1 28. Nxf4 Bh6 29. Ne2 Ra8 30. Rxh7 Be3 31. Ng3 Bf3
32. Nh5+ Bxh5 33. Rxh5 gxh5 34. Ke2 f4 35. c4 Ke5 36. b5 Kd4 37. h3 Ra2 38.
Kf3 Rxb2 39. h4 Rb3 40. b6 Rxb6 41. c5 Kxc5 42. Ke2 Kd4 43. Kf3 Rb3 44. Kg2
Rxd3 45. Kf3 Bc1+ 46. Kg2 Ke4 47. Kg1 Rd2 48. Kh1 Kf3 49. Kg1 Rd8 50. Kh1
Kg3 51. Kg1 Rd1# {White checkmated} 0-1

[Event "GambitGuide"]
[Site "Internet Chess Club"]
[Date "2014.10.31"]
[Round "1"]
[White "JSBach"]
[Black "Diracie"]
[Result "1-0"]
[ICCResult "Black resigns"]
[WhiteElo "1701"]
[BlackElo "1437"]
[Opening "Vienna: `Frankenstein-Dracula' variation"]
[ECO "C27"]
[NIC "VG.02"]
[Time "09:50:06"]
[TimeControl "120+12"]

1. e4 e5 2. Nc3 Nf6 3. Bc4 Nxe4 4. Qh5 Nd6 5. Bb3 Nc6 6. Nb5 g6 7. Qf3 f5 8.
Qd5 Qe7 9. Nxc7+ Kd8 10. Nxa8 b6 11. d3 Nb4 12. Bg5 Nxd5 13. Bxe7+ Nxe7 14.
d4 Bb7 15. dxe5 Ne4 16. f3 Nc5 17. Nxb6 axb6 18. Ne2 Nxb3 19. axb3 Nc6 20.
Kd1 Bc5 21. Re1 Kc7 22. Nf4 Ne7 23. h4 Re8 24. Ke2 Bc6 25. Ra7+ Bb7 26. Rea1
Nc6 27. R7a4 Rxe5+ 28. Kd3 Nb4+ 29. Kc3 Nd5+ 30. Nxd5+ Rxd5 31. Re1 Bd4+ 32.
Rxd4 Rxd4 33. Kxd4 Bc6 34. Re7 h6 35. Rg7 {Black resigns} 1-0

[Event "GambitGuide"]
[Site "Internet Chess Club"]
[Date "2014.10.31"]
[Round "1"]
[White "JSBach"]
[Black "Roaringknights"]
[Result "1-0"]
[ICCResult "Black resigns"]
[WhiteElo "1693"]
[BlackElo "1808"]
[Opening "Vienna: `Frankenstein-Dracula' variation"]
[ECO "C27"]
[NIC "VG.02"]
[Time "09:49:07"]
[TimeControl "120+12"]

1. e4 e5 2. Nc3 Nf6 3. Bc4 Nxe4 4. Qh5 Nd6 5. Bb3 Nc6 6. Nb5 g6 7. Qf3 f5 8.
Qd5 Qe7 9. Nxc7+ Kd8 10. Nxa8 b6 11. d3 Nb4 12. Bg5 Nxd5 13. Bxe7+ Nxe7 14.
d4 e4 15. c4 Bb7 16. c5 Nb5 17. Bc4 Nxd4 18. Rc1 Bxa8 19. cxb6 axb6 20. Nh3
Bh6 21. Rc3 d5 22. Ba6 Nec6 23. O-O Kd7 24. a3 Nb8 25. Rd1 Bg7 26. Bf1 Bb7
27. Nf4 Rc8 28. Rh3 Rh8 29. Rc1 Nbc6 30. Nxd5 b5 31. b4 g5 32. Rg3 h6 33.
Rc5 Bf8 34. Rc1 Bd6 35. Rgc3 Bf4 36. Rd1 Be5 37. Rc5 Bd6 38. Nb6+ Ke6 39.
Rc3 Bc7 40. Rxd4 Bxb6 41. Rd2 Rd8 42. Rxd8 Nxd8 43. Bxb5 f4 44. Rh3 e3 45.
Rxh6+ {Black resigns} 1-0

[Event "GambitGuide"]
[Site "Internet Chess Club"]
[Date "2014.10.31"]
[Round "1"]
[White "JSBach"]
[Black "Zwischenzug"]
[Result "0-1"]
[ICCResult "White checkmated"]
[WhiteElo "1693"]
[BlackElo "1743"]
[Opening "Vienna: `Frankenstein-Dracula' variation"]
[ECO "C27"]
[NIC "VG.02"]
[Time "09:50:39"]
[TimeControl "120+12"]

1. e4 e5 2. Nc3 Nf6 3. Bc4 Nxe4 4. Qh5 Nd6 5. Bb3 Nc6 6. Nb5 g6 7. Qf3 f5 8.
Qd5 Qe7 9. Nxc7+ Kd8 10. Nxa8 b6 11. d3 e4 12. dxe4 Nxe4 13. Be3 f4 14. f3
Nf6 15. Qf7 fxe3 16. Qxe7+ Bxe7 17. Ba4 Bb7 18. Bxc6 dxc6 19. O-O-O+ Kc8 20.
Re1 Nd5 21. c4 Nb4 22. Rxe3 Bc5 23. Ra3 Bxa8 24. Rxa7 Kb8 25. Ra3 Rd8 26.
Rb3 Nd3+ 27. Kc2 Nf2 28. Rxb6+ Bxb6 29. c5 Bxc5 30. b4 Bxb4 31. Kb3 c5 32.
a3 Ba5 33. Ka4 Bc7 34. Kb5 Nxh1 35. Kxc5 Bxh2 36. Ne2 Bd6+ 37. Kc4 Bxa3 38.
Nf4 Rc8+ 39. Kb3 Bd6 40. Ne2 Nf2 41. Nc3 Rxc3+ 42. Kxc3 Kc7 43. Kd4 Kd7 44.
Kc4 Ke6 45. Kd4 Kf5 46. Kc4 Kf4 47. Kd4 Kg3 48. Ke3 Bc5+ 49. Ke2 Kxg2 50. f4
Kg3 51. Ke1 Kxf4 52. Kf1 Ne4 53. Ke1 h5 54. Ke2 h4 55. Ke1 h3 56. Kf1 Ng3+
57. Ke1 h2 58. Kd1 h1=Q+ 59. Kc2 Qe4+ 60. Kc1 Be3+ 61. Kb2 Qd4+ 62. Ka3 Bd2
63. Kb3 Bd5+ 64. Kc2 Qc3+ 65. Kd1 Bf3# {White checkmated} 0-1

[Event "GambitGuide"]
[Site "Internet Chess Club"]
[Date "2014.10.31"]
[Round "1"]
[White "JSBach"]
[Black "Chessprincess64"]
[Result "0-1"]
[ICCResult "White checkmated"]
[WhiteElo "1693"]
[BlackElo "2000"]
[Opening "Vienna: `Frankenstein-Dracula' variation"]
[ECO "C27"]
[NIC "VG.02"]
[Time "09:44:07"]
[TimeControl "120+12"]

1. e4 e5 2. Nc3 Nf6 3. Bc4 Nxe4 4. Qh5 Nd6 5. Bb3 Nc6 6. Nb5 g6 7. Qf3 f5 8.
Qd5 Qe7 9. Nxc7+ Kd8 10. Nxa8 b6 11. d3 Bb7 12. Nxb6 axb6 13. Qf3 Kc7 14.
Be3 Bg7 15. Bd5 Ra8 16. Rd1 e4 17. Qf4 Be5 18. Qh6 Bxb2 19. Rb1 Bc3+ 20. Kf1
Bd4 21. Bxc6 Bxe3 22. Qxe3 Bxc6 23. Qxb6+ Kc8 24. Rb2 exd3 25. cxd3 Qd8 26.
Qc5 Qc7 27. Qe5 Bb5 28. Qh8+ Kb7 29. Qe5 Ra5 30. Ne2 Qc6 31. Qe7 Kc7 32.
Qxh7 Bxd3 33. Qh6 Re5 34. Qg5 Qc4 35. Rb3 Rxe2 36. Rxd3 Qxd3 37. g3 Qf3 38.
Qc1+ Kd8 39. Qg5+ Ke8 40. Qxg6+ Nf7 41. Qb6 Rxf2+ 42. Qxf2 Qxh1+ 43. Ke2
Qe4+ 44. Kd2 Ne5 45. h4 Qd3+ 46. Kc1 Qc3+ 47. Kb1 Nd3 48. Qe2+ Kd8 49. a4
Qb3+ 50. Ka1 Qxa4+ 51. Kb1 Qb3+ 52. Ka1 Nb4 53. Qb2 Qxb2+ 54. Kxb2 Nd3+ 55.
Kc3 Nf2 56. h5 Ng4 57. Kc4 Ke7 58. Kd4 Kf6 59. Kd5 Kg5 60. Kd6 Kxh5 61. Kxd7
Ne3 62. Kd6 Kg4 63. Kc5 Kxg3 64. Kd4 f4 65. Ke4 f3 66. Kxe3 f2 67. Ke2 Kg2
68. Kd3 f1=Q+ 69. Ke4 Qf2 70. Ke5 Qf3 71. Kd4 Qe2 72. Kd5 Qe3 73. Kc4 Qd2
74. Kc5 Qd3 75. Kc6 Qd4 76. Kc7 Qd5 77. Kb6 Qc4 78. Kb7 Qc5 79. Ka6 Qb4 80.
Ka7 Kf3 81. Ka8 Ke4 82. Ka7 Kd5 83. Ka6 Kc6 84. Ka7 Qb7# {White checkmated}
0-1

[Event "GambitGuide"]
[Site "Internet Chess Club"]
[Date "2014.10.31"]
[Round "1"]
[White "JSBach"]
[Black "fearlessone"]
[Result "1-0"]
[ICCResult "Black resigns"]
[WhiteElo "1693"]
[BlackElo "1812"]
[Opening "Vienna: `Frankenstein-Dracula' variation"]
[ECO "C27"]
[NIC "VG.02"]
[Time "09:51:52"]
[TimeControl "120+12"]

1. e4 e5 2. Nc3 Nf6 3. Bc4 Nxe4 4. Qh5 Nd6 5. Bb3 Nc6 6. Nb5 g6 7. Qf3 f5 8.
Qd5 Qe7 9. Nxc7+ Kd8 10. Nxa8 b6 11. d3 Bb7 12. Nxb6 axb6 13. Qf3 Bg7 14.
Qg3 e4 15. Bg5 Bf6 16. Bxf6 Qxf6 17. Rd1 exd3 18. Qxd3 Re8+ 19. Ne2 Qe7 20.
O-O Ne4 21. Rfe1 Kc8 22. Bd5 Nf6 23. c4 Nxd5 24. cxd5 Ne5 25. Qb5 Qd6 26. f4
Ng4 27. h3 Ne3 28. Rc1+ Kb8 29. Nd4 Qxd5 30. Qxd5 Bxd5 31. Nc2 Bxa2 32. Nxe3
Re4 33. g3 Be6 34. Re2 Rb4 35. Nf1 Rb3 36. Rce1 Kc7 37. Kf2 Kd8 38. Kg1 h5
39. Kf2 h4 40. Rc2 hxg3+ 41. Nxg3 Rb4 42. Ke3 Rb3+ 43. Kf2 Rb4 44. Ke3 Rb3+
45. Kf2 Rb4 46. Ne2 Rb3 47. Nd4 Rxh3 48. Nxe6+ dxe6 49. Kg2 Rh7 50. Rxe6
{Black resigns}
1-0

[Event "GambitGuide"]
[Site "Internet Chess Club"]
[Date "2014.10.31"]
[Round "1"]
[White "JSBach"]
[Black "ClubberLang"]
[Result "1-0"]
[ICCResult "Black checkmated"]
[WhiteElo "1693"]
[BlackElo "1684"]
[Opening "Vienna: `Frankenstein-Dracula' variation"]
[ECO "C27"]
[NIC "VG.02"]
[Time "09:52:40"]
[TimeControl "120+12"]

1. e4 e5 2. Nc3 Nf6 3. Bc4 Nxe4 4. Qh5 Nd6 5. Bb3 Nc6 6. Nb5 g6 7. Qf3 f5 8.
Qd5 Qe7 9. Nxc7+ Kd8 10. Nxa8 b6 11. d3 Bb7 12. Nxb6 axb6 13. Qf3 Nd4 14.
Qg3 f4 15. Qg4 Bh6 16. Ba4 e4 17. Kf1 exd3 18. cxd3 Ba6 19. Qh3 Re8 20. Bd2
N6f5 21. Rc1 Ne3+ 22. Bxe3 Bxd3+ 23. Ke1 fxe3 24. f3 e2 25. Qxh6 Qb4+ 26.
Rc3 Qxb2 27. Qh4+ Re7 28. Rc8+ Kxc8 29. Qxe7 Qc3+ 30. Kf2 Qd2 31. Bxd7+ Kb8
32. Qd8+ Kb7 33. Bc8+ Ka7 34. Qc7+ Ka8 35. Qb7# {Black checkmated} 1-0

[Event "GambitGuide"]
[Site "Internet Chess Club"]
[Date "2014.10.31"]
[Round "1"]
[White "JSBach"]
[Black "Zwischenzug"]
[Result "1-0"]
[ICCResult "Black resigns"]
[WhiteElo "1693"]
[BlackElo "1743"]
[Opening "Vienna: `Frankenstein-Dracula' variation"]
[ECO "C27"]
[NIC "VG.02"]
[Time "09:55:10"]
[TimeControl "120+12"]

1. e4 e5 2. Nc3 Nf6 3. Bc4 Nxe4 4. Qh5 Nd6 5. Bb3 Nc6 6. Nb5 g6 7. Qf3 f5 8.
Qd5 Qe7 9. Nxc7+ Kd8 10. Nxa8 b6 11. d3 e4 12. dxe4 Nxe4 13. Be3 f4 14. Nxb6
axb6 15. Bxb6+ Ke8 16. O-O-O Nxf2 17. Bxf2 Bg7 18. Re1 Ne5 19. Nf3 d6 20.
Re4 Bf5 21. Rxf4 Bh6 22. Qa8+ Qd8 23. Ba4+ Ke7 24. Bh4+ g5 25. Qxd8+ Kxd8
26. Nxg5 Rf8 27. Nf7+ Kc7 28. Nxh6 {Black resigns} 1-0

[Event "GambitGuide"]
[Site "Internet Chess Club"]
[Date "2014.10.31"]
[Round "1"]
[White "JSBach"]
[Black "globalboot"]
[Result "1-0"]
[ICCResult "Black checkmated"]
[WhiteElo "1693"]
[BlackElo "1751"]
[Opening "Vienna: `Frankenstein-Dracula' variation"]
[ECO "C27"]
[NIC "VG.02"]
[Time "09:51:00"]
[TimeControl "120+12"]

1. e4 e5 2. Nc3 Nf6 3. Bc4 Nxe4 4. Qh5 Nd6 5. Bb3 Nc6 6. Nb5 g6 7. Qf3 f5 8.
Qd5 Qe7 9. Nxc7+ Kd8 10. Nxa8 b6 11. d3 Nb4 12. Qf3 Bb7 13. Qh3 Bxa8 14. Bd2
Nc6 15. Bd5 Bg7 16. Ne2 Kc7 17. Bc3 Bb7 18. Qe3 f4 19. Qf3 Nd8 20. Bxb7
N8xb7 21. Qd5 Qe6 22. Qxe6 dxe6 23. Nxf4 exf4 24. Bxg7 Rg8 25. Be5 g5 26.
Ke2 Kd7 27. f3 Na5 28. Rae1 Nc6 29. Kd2 Nf5 30. Bf6 Ne3 31. Re2 e5 32. h4 h6
33. hxg5 hxg5 34. Rh5 g4 35. Bxe5 Nxe5 36. Rxe5 gxf3 37. gxf3 Rg3 38. Rf2
Rg1 39. Re4 Rd1+ 40. Kc3 Rc1 41. Rd4+ Kc6 42. Rxf4 Nd5+ 43. Kd2 Ra1 44. Ra4
a5 45. f4 Nf6 46. c4 Kc5 47. Re2 Rb1 48. Re6 Ng4 49. Kc2 Rf1 50. Re4 Nf2 51.
d4+ Kd6 52. Re5 Ng4 53. c5+ bxc5 54. dxc5+ Kc6 55. Re6+ Kb5 56. b3 Rf2+ 57.
Kc3 Rf3+ 58. Kd2 Rf2+ 59. Re2 Rf1 60. Rc4 Rb1 61. f5 Rb2+ 62. Kd3 Rxe2 63.
Kxe2 Ne5 64. f6 Nf7 65. c6 a4 66. c7 axb3 67. c8=Q bxa2 68. Qc6+ Ka5 69.
Ra4# {Black checkmated} 1-0

[Event "GambitGuide"]
[Site "Internet Chess Club"]
[Date "2014.10.31"]
[Round "1"]
[White "JSBach"]
[Black "ClubberLang"]
[Result "1-0"]
[ICCResult "Black resigns"]
[WhiteElo "1693"]
[BlackElo "1684"]
[Opening "Vienna: `Frankenstein-Dracula' variation"]
[ECO "C27"]
[NIC "VG.02"]
[Time "09:55:21"]
[TimeControl "120+12"]

1. e4 e5 2. Nc3 Nf6 3. Bc4 Nxe4 4. Qh5 Nd6 5. Bb3 Nc6 6. Nb5 g6 7. Qf3 f5 8.
Qd5 Qe7 9. Nxc7+ Kd8 10. Nxa8 b6 11. d3 Bb7 12. Nxb6 axb6 13. Qf3 Nd4 14.
Qg3 f4 15. Qg4 Bh6 16. Ba4 e4 17. Qh3 exd3+ 18. Kf1 Ne2 19. Qxh6 Nxg1 20.
Bxf4 dxc2 21. Bg5 Ba6+ 22. Kxg1 {Black resigns} 1-0

[Event "GambitGuide"]
[Site "Internet Chess Club"]
[Date "2014.10.31"]
[Round "1"]
[White "JSBach"]
[Black "ClubberLang"]
[Result "1-0"]
[ICCResult "Black resigns"]
[WhiteElo "1686"]
[BlackElo "1684"]
[Opening "Vienna: `Frankenstein-Dracula' variation"]
[ECO "C27"]
[NIC "VG.02"]
[Time "09:56:33"]
[TimeControl "120+12"]

1. e4 e5 2. Nc3 Nf6 3. Bc4 Nxe4 4. Qh5 Nd6 5. Bb3 Nc6 6. Nb5 g6 7. Qf3 f5 8.
Qd5 Qe7 9. Nxc7+ Kd8 10. Nxa8 b6 11. d3 Bb7 12. Nxb6 axb6 13. Qf3 Nd4 14.
Qh3 e4 15. Be3 Nxb3 16. Bxb6+ Kc8 17. axb3 exd3+ 18. Kf1 dxc2 19. Qc3+
{Black resigns}
1-0

[Event "GambitGuide"]
[Site "Internet Chess Club"]
[Date "2014.10.31"]
[Round "1"]
[White "JSBach"]
[Black "Zwischenzug"]
[Result "1-0"]
[ICCResult "Black resigns"]
[WhiteElo "1686"]
[BlackElo "1743"]
[Opening "Vienna: `Frankenstein-Dracula' variation"]
[ECO "C27"]
[NIC "VG.02"]
[Time "09:56:38"]
[TimeControl "120+12"]

1. e4 e5 2. Nc3 Nf6 3. Bc4 Nxe4 4. Qh5 Nd6 5. Bb3 Nc6 6. Nb5 g6 7. Qf3 f5 8.
Qd5 Qe7 9. Nxc7+ Kd8 10. Nxa8 b6 11. d3 e4 12. dxe4 Nxe4 13. Be3 Nf6 14. Qf7
Qb4+ 15. c3 Qb5 16. Qxf6+ Ne7 17. Qxh8 {Black resigns} 1-0

[Event "GambitGuide"]
[Site "Internet Chess Club"]
[Date "2014.10.31"]
[Round "1"]
[White "JSBach"]
[Black "romaneagle"]
[Result "1-0"]
[ICCResult "Black resigns"]
[WhiteElo "1686"]
[BlackElo "1043"]
[Opening "Vienna: `Frankenstein-Dracula' variation"]
[ECO "C27"]
[NIC "VG.02"]
[Time "09:56:54"]
[TimeControl "120+12"]

1. e4 e5 2. Nc3 Nf6 3. Bc4 Nxe4 4. Qh5 Nd6 5. Bb3 Nc6 6. Nb5 g6 7. Qf3 f5 8.
Qd5 Qe7 9. Nxc7+ Kd8 10. Nxa8 b6 11. d3 Bb7 12. Nxb6 axb6 13. Qf3 Kc7 14. c3
Nb4 15. Qh3 Nxd3+ 16. Qxd3 {Black resigns} 1-0

[Event "GambitGuide"]
[Site "Internet Chess Club"]
[Date "2014.10.31"]
[Round "1"]
[White "JSBach"]
[Black "Roaringknights"]
[Result "1-0"]
[ICCResult "Black resigns"]
[WhiteElo "1686"]
[BlackElo "1808"]
[Opening "Vienna: `Frankenstein-Dracula' variation"]
[ECO "C27"]
[NIC "VG.02"]
[Time "09:54:54"]
[TimeControl "120+12"]

1. e4 e5 2. Nc3 Nf6 3. Bc4 Nxe4 4. Qh5 Nd6 5. Bb3 Nc6 6. Nb5 g6 7. Qf3 f5 8.
Qd5 Qe7 9. Nxc7+ Kd8 10. Nxa8 b6 11. d3 h6 12. Ba4 Bb7 13. Nxb6 axb6 14. Qb3
Kc7 15. Be3 Nd4 16. Qc3+ Bc6 17. Kf1 Bg7 18. Re1 Qf6 19. Ne2 f4 20. Bxd4
exd4 21. Qb4 f3 22. gxf3 Qxf3 23. Bxc6 dxc6 24. Ng3 Rf8 25. Re2 h5 26. Rg1
Qf4 27. Nxh5 gxh5 28. Rxg7+ {Black resigns} 1-0

[Event "GambitGuide"]
[Site "Internet Chess Club"]
[Date "2014.10.31"]
[Round "1"]
[White "JSBach"]
[Black "ClubberLang"]
[Result "1-0"]
[ICCResult "Black resigns"]
[WhiteElo "1671"]
[BlackElo "1684"]
[Opening "Vienna: `Frankenstein-Dracula' variation"]
[ECO "C27"]
[NIC "VG.02"]
[Time "09:57:16"]
[TimeControl "120+12"]

1. e4 e5 2. Nc3 Nf6 3. Bc4 Nxe4 4. Qh5 Nd6 5. Bb3 Nc6 6. Nb5 g6 7. Qf3 f5 8.
Qd5 Qe7 9. Nxc7+ Kd8 10. Nxa8 b6 11. d3 Bb7 12. Nxb6 axb6 13. Qf3 Nd4 14.
Qg3 f4 15. Qg4 e4 16. Kf1 Nxb3 17. axb3 exd3 18. cxd3 Bg7 19. Bxf4 Re8 20.
Be3 Bxb2 21. Rb1 {Black resigns} 1-0

[Event "GambitGuide"]
[Site "Internet Chess Club"]
[Date "2014.10.31"]
[Round "1"]
[White "JSBach"]
[Black "Zwischenzug"]
[Result "1-0"]
[ICCResult "Black resigns"]
[WhiteElo "1687"]
[BlackElo "1743"]
[Opening "Vienna: `Frankenstein-Dracula' variation"]
[ECO "C27"]
[NIC "VG.02"]
[Time "09:58:08"]
[TimeControl "120+12"]

1. e4 e5 2. Nc3 Nf6 3. Bc4 Nxe4 4. Qh5 Nd6 5. Bb3 Nc6 6. Nb5 g6 7. Qf3 f5 8.
Qd5 Qe7 9. Nxc7+ Kd8 10. Nxa8 b6 11. d3 e4 12. dxe4 Nxe4 13. Be3 f4 14. Nxb6
axb6 15. Bxb6+ Ke8 16. O-O-O d6 17. Qxc6+ Bd7 18. Qa8+ {Black resigns} 1-0

[Event "GambitGuide"]
[Site "Internet Chess Club"]
[Date "2014.10.31"]
[Round "1"]
[White "JSBach"]
[Black "ClubberLang"]
[Result "1-0"]
[ICCResult "Black resigns"]
[WhiteElo "1687"]
[BlackElo "1684"]
[Opening "Vienna: `Frankenstein-Dracula' variation"]
[ECO "C27"]
[NIC "VG.02"]
[Time "09:58:04"]
[TimeControl "120+12"]

1. e4 e5 2. Nc3 Nf6 3. Bc4 Nxe4 4. Qh5 Nd6 5. Bb3 Nc6 6. Nb5 g6 7. Qf3 f5 8.
Qd5 Qe7 9. Nxc7+ Kd8 10. Nxa8 b6 11. d3 Bb7 12. Nxb6 axb6 13. Qf3 Nd4 14.
Qh3 e4 15. Be3 exd3 16. O-O-O dxc2 17. Rxd4 {Black resigns} 1-0

[Event "GambitGuide"]
[Site "Internet Chess Club"]
[Date "2014.10.31"]
[Round "1"]
[White "JSBach"]
[Black "Zwischenzug"]
[Result "1-0"]
[ICCResult "Black resigns"]
[WhiteElo "1687"]
[BlackElo "1743"]
[Opening "Vienna: `Frankenstein-Dracula' variation"]
[ECO "C27"]
[NIC "VG.02"]
[Time "09:58:43"]
[TimeControl "120+12"]

1. e4 e5 2. Nc3 Nf6 3. Bc4 Nxe4 4. Qh5 Nd6 5. Bb3 Nc6 6. Nb5 g6 7. Qf3 f5 8.
Qd5 Qe7 9. Nxc7+ Kd8 10. Nxa8 b6 11. d3 e4 12. dxe4 Nxe4 13. Be3 Nc5 14.
O-O-O Bg7 15. Qxc6 {Black resigns} 1-0

[Event "GambitGuide"]
[Site "Internet Chess Club"]
[Date "2014.10.31"]
[Round "1"]
[White "JSBach"]
[Black "fearlessone"]
[Result "1-0"]
[ICCResult "Black checkmated"]
[WhiteElo "1687"]
[BlackElo "1812"]
[Opening "Vienna: `Frankenstein-Dracula' variation"]
[ECO "C27"]
[NIC "VG.02"]
[Time "09:55:49"]
[TimeControl "120+12"]

1. e4 e5 2. Nc3 Nf6 3. Bc4 Nxe4 4. Qh5 Nd6 5. Bb3 Nc6 6. Nb5 g6 7. Qf3 f5 8.
Qd5 Qe7 9. Nxc7+ Kd8 10. Nxa8 b6 11. d3 Bb7 12. Nxb6 axb6 13. Qf3 Bg7 14.
Be3 Nd4 15. Qh3 Nxb3 16. Bxb6+ Ke8 17. axb3 Kf7 18. b4 e4 19. d4 Rc8 20. Bc5
Qe6 21. Ra7 Rc7 22. Qxh7 e3 23. Nf3 exf2+ 24. Kxf2 Ne4+ 25. Kg1 Qc4 26. Ne5+
Ke6 27. Qxg6+ Bf6 28. Qf7# {Black checkmated} 1-0

[Event "GambitGuide"]
[Site "Internet Chess Club"]
[Date "2014.10.31"]
[Round "1"]
[White "JSBach"]
[Black "ClubberLang"]
[Result "1-0"]
[ICCResult "Black resigns"]
[WhiteElo "1687"]
[BlackElo "1684"]
[Opening "Vienna: `Frankenstein-Dracula' variation"]
[ECO "C27"]
[NIC "VG.02"]
[Time "09:58:37"]
[TimeControl "120+12"]

1. e4 e5 2. Nc3 Nf6 3. Bc4 Nxe4 4. Qh5 Nd6 5. Bb3 Nc6 6. Nb5 g6 7. Qf3 f5 8.
Qd5 Qe7 9. Nxc7+ Kd8 10. Nxa8 b6 11. d3 Bb7 12. Nxb6 axb6 13. Qf3 Nd4 14.
Qg3 f4 15. Qg4 e4 16. Kf1 exd3 17. cxd3 Nxb3 18. axb3 Bg7 19. Bxf4 Re8 20.
Be3 Nf5 21. Bxb6+ {Black resigns} 1-0

[Event "GambitGuide"]
[Site "Internet Chess Club"]
[Date "2014.10.31"]
[Round "1"]
[White "JSBach"]
[Black "Heian"]
[Result "0-1"]
[ICCResult "White checkmated"]
[WhiteElo "1687"]
[BlackElo "1562"]
[Opening "Vienna: `Frankenstein-Dracula' variation"]
[ECO "C27"]
[NIC "VG.02"]
[Time "09:56:13"]
[TimeControl "120+12"]

1. e4 e5 2. Nc3 Nf6 3. Bc4 Nxe4 4. Qh5 Nd6 5. Bb3 Nc6 6. Nb5 g6 7. Qf3 f5 8.
Qd5 Qe7 9. Nxc7+ Kd8 10. Nxa8 b6 11. d3 Bb7 12. Nxb6 axb6 13. Qf3 Kc7 14.
Be3 Nd4 15. Qh3 Bg7 16. c3 Nxb3 17. axb3 e4 18. d4 g5 19. b4 f4 20. Bd2 e3
21. fxe3 fxe3 22. Bxe3 Nc4 23. Qg3+ d6 24. Kf2 Rf8+ 25. Ke2 Re8 26. Nh3 Nxe3
27. Qxg5 Nxg2+ 28. Qxe7+ Rxe7+ 29. Kf2 Nh4 30. Rhe1 Rf7+ 31. Kg3 Nf5+ 32.
Kg4 Nh6+ 33. Kg5 Rf5+ 34. Kh4 Bf6+ 35. Kg3 Rf3+ 36. Kg2 Rxc3+ 37. Kg1 Rxh3
38. Rac1+ Kd7 39. Rcd1 Bf3 40. Rd2 d5 41. Ra1 Be4 42. b5 Kd6 43. Ra6 Kc7 44.
Ra7+ Kd6 45. Rb7 Bg5 46. Rxb6+ Kc7 47. Rc6+ Kd7 48. Re2 Nf5 49. Rf2 Be3 50.
Kf1 Bd3+ 51. Kg2 Rh4 52. Rf3 Be4 53. h3 Nxd4 54. Rf6 Nxf3 55. Rxf3 Rf4 56.
Kh2 Bxf3 57. Kg3 d4 58. b6 d3 59. b7 Kc7 60. b8=N Kc8 61. Na6 d2 62. h4 d1=Q
63. h5 Rg4+ 64. Kh3 Qh1# {White checkmated} 0-1

[Event "GambitGuide"]
[Site "Internet Chess Club"]
[Date "2014.10.31"]
[Round "1"]
[White "JSBach"]
[Black "fearlessone"]
[Result "1-0"]
[ICCResult "Black resigns"]
[WhiteElo "1687"]
[BlackElo "1812"]
[Opening "Vienna: `Frankenstein-Dracula' variation"]
[ECO "C27"]
[NIC "VG.02"]
[Time "09:59:18"]
[TimeControl "120+12"]

1. e4 e5 2. Nc3 Nf6 3. Bc4 Nxe4 4. Qh5 Nd6 5. Bb3 Nc6 6. Nb5 g6 7. Qf3 f5 8.
Qd5 Qe7 9. Nxc7+ Kd8 10. Nxa8 b6 11. d3 Bb7 12. Nxb6 axb6 13. Qf3 Nd4 14.
Qg3 Nxb3 15. axb3 Bg7 16. Be3 f4 17. Bxb6+ Ke8 18. Qg4 h5 19. Qxg6+ Qf7 20.
Qxd6 {Black resigns} 1-0

[Event "GambitGuide"]
[Site "Internet Chess Club"]
[Date "2014.10.31"]
[Round "1"]
[White "JSBach"]
[Black "ClubberLang"]
[Result "1-0"]
[ICCResult "Black resigns"]
[WhiteElo "1676"]
[BlackElo "1684"]
[Opening "Vienna: `Frankenstein-Dracula' variation"]
[ECO "C27"]
[NIC "VG.02"]
[Time "09:59:27"]
[TimeControl "120+12"]

1. e4 e5 2. Nc3 Nf6 3. Bc4 Nxe4 4. Qh5 Nd6 5. Bb3 Nc6 6. Nb5 g6 7. Qf3 f5 8.
Qd5 Qe7 9. Nxc7+ Kd8 10. Nxa8 b6 11. d3 Bb7 12. Nxb6 axb6 13. Qf3 Nd4 14.
Qg3 f4 15. Qg4 Nxb3 16. axb3 e4 17. Kf1 exd3 18. cxd3 Nf5 19. Bxf4 Bg7 20.
Bg5 Bf6 21. Re1 {Black resigns} 1-0

[Event "GambitGuide"]
[Site "Internet Chess Club"]
[Date "2014.10.31"]
[Round "1"]
[White "JSBach"]
[Black "fearlessone"]
[Result "1-0"]
[ICCResult "Black resigns"]
[WhiteElo "1659"]
[BlackElo "1812"]
[Opening "Vienna: `Frankenstein-Dracula' variation"]
[ECO "C27"]
[NIC "VG.02"]
[Time "10:00:04"]
[TimeControl "120+12"]

1. e4 e5 2. Nc3 Nf6 3. Bc4 Nxe4 4. Qh5 Nd6 5. Bb3 Nc6 6. Nb5 g6 7. Qf3 f5 8.
Qd5 Qe7 9. Nxc7+ Kd8 10. Nxa8 b6 11. d3 Bb7 12. Nxb6 axb6 13. Qf3 Nd4 14.
Qg3 Nxb3 15. axb3 e4 16. Bg5 exd3+ 17. Bxe7+ Bxe7 18. cxd3 Re8 19. Ne2
{Black resigns}
1-0

[Event "GambitGuide"]
[Site "Internet Chess Club"]
[Date "2014.10.31"]
[Round "1"]
[White "JSBach"]
[Black "Heian"]
[Result "1-0"]
[ICCResult "Black resigns"]
[WhiteElo "1638"]
[BlackElo "1562"]
[Opening "Vienna: `Frankenstein-Dracula' variation"]
[ECO "C27"]
[NIC "VG.02"]
[Time "10:00:17"]
[TimeControl "120+12"]

1. e4 e5 2. Nc3 Nf6 3. Bc4 Nxe4 4. Qh5 Nd6 5. Bb3 Nc6 6. Nb5 g6 7. Qf3 f5 8.
Qd5 Qe7 9. Nxc7+ Kd8 10. Nxa8 b6 11. d3 Bb7 12. Nxb6 axb6 13. Qf3 Kc7 14.
Be3 Nd4 15. Qh3 Nxb3 16. axb3 e4 17. Bd4 Bg7 18. Bxg7 Qxg7 19. dxe4 Nxe4 20.
c3 Kb8 21. f3 Nxc3 22. Kf1 Nb5 23. Ra2 Qd4 24. Qh6 Re8 25. g3 Qd1+ 26. Kg2
Qxb3 27. Qf4+ d6 28. Qa4 Qd3 29. b4 Nc3 30. Qxe8+ {Black resigns} 1-0

[Event "GambitGuide"]
[Site "Internet Chess Club"]
[Date "2014.10.31"]
[Round "1"]
[White "JSBach"]
[Black "ClubberLang"]
[Result "1-0"]
[ICCResult "Black resigns"]
[WhiteElo "1638"]
[BlackElo "1684"]
[Opening "Vienna: `Frankenstein-Dracula' variation"]
[ECO "C27"]
[NIC "VG.02"]
[Time "10:00:19"]
[TimeControl "120+12"]

1. e4 e5 2. Nc3 Nf6 3. Bc4 Nxe4 4. Qh5 Nd6 5. Bb3 Nc6 6. Nb5 g6 7. Qf3 f5 8.
Qd5 Qe7 9. Nxc7+ Kd8 10. Nxa8 b6 11. d3 Bb7 12. Nxb6 axb6 13. Qf3 Nd4 14.
Qh3 e4 15. Be3 Nxb3 16. cxb3 f4 17. Bxb6+ Ke8 18. Bd4 exd3+ 19. Kf1 Ba6 20.
Nf3 d2+ 21. Kg1 Qe2 22. Nxd2 Qxd2 23. Bc3 Qc2 24. Bxh8 Ne4 25. Qf3 Bd3 26.
Qxf4 Qxb2 27. Bxb2 {Black resigns} 1-0